 Dungeon Sprint DCSS version 0.29-a0-529-gfa20dd96a1 (webtiles) character file.

Game seed: 3373231223163364327

2633 PanPizza the Executioner (level 9, -3/74 HPs)
             Began as a Minotaur Berserker on June 2, 2022.
             Was a High Priest of Trog.
             Slain by a boulder beetle (13 damage)
             ... in the Dungeon (Sprint IX: "|||||||||||||||||||||||||||||").
             The game lasted 00:02:42 (500 turns).

PanPizza the Executioner (Minotaur Berserker)        Turns: 500, Time: 00:02:43

Health: -3/74      AC: 12    Str: 25    XL:     9   Next: 35%
Magic:  8/8        EV: 11    Int:  7    God:    Trog [*****.]
Gold:   0          SH:  0    Dex: 11    Spells: 8/8 levels left

rFire   . . .      SeeInvis .   p - +1 broad axe (vorpal)
rCold   . . .      Faith    .   (no shield)
rNeg    . . .      Spirit   .   m - +1 scale mail
rPois   .          Reflect  .   (helmet restricted)
rElec   .          Harm     .   (no cloak)
rCorr   .          Rampage  .   n - +0 pair of gloves
Will    .....      NoTele   +   o - +0 pair of boots
Stlth   ..........              (no amulet)
HPRegen 0.22/turn               k - +3 ring of intelligence
MPRegen 0.11/turn               l - +2 ring of protection

@: on berserk cooldown, hasted and slowed
A: horns 2, retaliatory headbutt
a: Renounce Religion, Berserk, Trog's Hand, Brothers in Arms


You were in the Dungeon.
You worshipped Trog.
Trog was extremely pleased with you.
You visited 1 branch

Inventory:

Hand Weapons
 a - a +0 hand axe
 p - a +1 vorpal broad axe (weapon)
 q - a +2 halberd of protection
Armour
 b - a +0 animal skin
 m - a +1 scale mail (worn)
 n - a +0 pair of gloves (worn)
 o - a +0 pair of boots (worn)
Jewellery
 k - a +3 ring of intelligence (left hand)
 l - a +2 ring of protection (right hand)
Wands
 j - a wand of iceblast (10)
Scrolls
 h - 2 scrolls of blinking
Potions
 c - 5 potions of curing
 f - 4 potions of magic
 g - a potion of berserk rage
 i - a potion of invisibility


   Skills:
 - Level 5.0 Fighting
 + Level 24.1 Axes
 - Level 2.9 Armour
 - Level 2.8 Dodging


You had 8 spell levels left.
You didn't know any spells.
Your spell library was empty.

Dungeon Overview and Level Annotations

Branches:
Dungeon (1/1)

Altars:
Cheibriados
Dithmenos
Elyvilon
Fedhas
Gozag
Hepliaklqana
Kikubaaqudgha
Makhleb
Nemelex Xobeh
Okawaru
Qazlal
Ru
Sif Muna
Trog
Uskayaw
Vehumet
Wu Jian
Xom
Yredelemnul
Zin
The Shining One
Beogh
Jiyva
Lugonu


Innate Abilities, Weirdness & Mutations

You have a pair of horns on your head.
You reflexively headbutt those who attack you in melee.


Message History

You slash the troll!
You kill the troll!
Trog accepts your kill.
Your Axes skill increases to level 24!
The boulder beetle bites you but does no damage.
You slice the boulder beetle!!
The boulder beetle is heavily wounded.
You hit the boulder beetle but do no damage.
The boulder beetle is heavily wounded.
The boulder beetle bites you but does no damage.
You slash the boulder beetle!
The boulder beetle is heavily wounded.
You hit the boulder beetle.
The boulder beetle is heavily wounded.
The boulder beetle bites you but does no damage.
You hit the boulder beetle but do no damage.
You headbutt the boulder beetle, but do no damage.
The boulder beetle is heavily wounded.
You are no longer berserk.
You are exhausted.
You feel yourself slow down.
You hit the boulder beetle but do no damage.
You headbutt the boulder beetle, but do no damage.
The boulder beetle is heavily wounded.
The boulder beetle completely misses you.
You completely miss the boulder beetle. You headbutt the boulder beetle.
The boulder beetle is severely wounded.
You slash the boulder beetle!
The boulder beetle is severely wounded.
The boulder beetle closely misses you. You furiously retaliate!
You headbutt the boulder beetle. You barely miss the boulder beetle.
The boulder beetle is almost dead.
The boulder beetle bites you!!
* * * LOW HITPOINT WARNING * * *
You hit the boulder beetle but do no damage.
You headbutt the boulder beetle, but do no damage.
The boulder beetle is almost dead.
The boulder beetle bites you!
You die... ▓▓▓▓▓▓▓▓▓▓▓▓▓▓▓▓▓▓▓▓▓▓▓ +...DB@)).....'...).))? ▓▓▓▓▓▓▓▓▓▓▓▓▓▓▓▓▓▓▓▓▓▓▓

You could see a boulder beetle and a four-headed hydra.

Vanquished Creatures
  2 two-headed ogres (D)
  A tengu warrior (D)
  A komodo dragon (D)
  A troll (D)
  A shadow (D)
  A vampire mosquito (D)
  A centaur (D)
  2 orc wizards (D)
  3 adders (D)
  An orc (D)
  A giant cockroach (D)
  A hobgoblin (D)
  2 jackals (D)
  2 ball pythons (D)
20 creatures vanquished.

Notes
Turn   | Place    | Note
-------+----------+-------------------------------------------
     0 | D        | PanPizza the Minotaur Berserker began the quest for the
                  | Orb.
     0 | D        | Reached XP level 1. HP: 19/19 MP: 0/0
     8 | D        | Reached skill level 4 in Axes
    12 | D        | Reached ** piety under Trog
    23 | D        | Reached skill level 5 in Fighting
    23 | D        | Reached skill level 5 in Axes
    23 | D        | Reached XP level 2. HP: 25/29 MP: 1/1
    24 | D        | Reached *** piety under Trog
    27 | D        | Reached skill level 6 in Axes
    29 | D        | Reached skill level 7 in Axes
    29 | D        | Reached XP level 3. HP: 32/36 MP: 2/2
    35 | D        | Found a snail-covered altar of Cheibriados.
    35 | D        | Found a shadowy altar of Dithmenos.
    35 | D        | Found a white marble altar of Elyvilon.
    35 | D        | Found a blossoming altar of Fedhas.
    35 | D        | Found an opulent altar of Gozag.
    36 | D        | Found a hazy altar of Hepliaklqana.
    37 | D        | Found a viscous altar of Jiyva.
    38 | D        | Found an ancient bone altar of Kikubaaqudgha.
    39 | D        | Found a corrupted altar of Lugonu.
    40 | D        | Found a burning altar of Makhleb.
    41 | D        | Found a sparkling altar of Nemelex Xobeh.
    42 | D        | Found an iron altar of Okawaru.
    43 | D        | Found a stormy altar of Qazlal.
    44 | D        | Found a sacrificial altar of Ru.
    45 | D        | Found a shimmering blue altar of Sif Muna.
    46 | D        | Found a bloodstained altar of Trog.
    47 | D        | Found a hide-covered altar of Uskayaw.
    48 | D        | Found a radiant altar of Vehumet.
    49 | D        | Found an ornate altar of the Wu Jian Council.
    50 | D        | Found a shimmering altar of Xom.
    51 | D        | Found a basalt altar of Yredelemnul.
    52 | D        | Found a glowing silver altar of Zin.
    53 | D        | Found a glowing golden altar of the Shining One.
   118 | D        | Noticed a centaur
   118 | D        | Noticed a shadow
   118 | D        | Noticed a vampire mosquito
   118 | D        | Noticed a two-headed ogre
   118 | D        | Noticed a two-headed ogre
   134 | D        | Killed a two-headed ogre
   134 | D        | Reached **** piety under Trog
   135 | D        | Reached skill level 17 in Axes
   135 | D        | Reached XP level 4. HP: 17/42 MP: 3/3
   135 | D        | Reached XP level 5. HP: 20/48 MP: 4/4
   135 | D        | Reached XP level 6. HP: 23/56 MP: 5/5
   135 | D        | Reached XP level 7. HP: 25/61 MP: 6/6
   137 | D        | Killed a two-headed ogre
   138 | D        | Reached skill level 20 in Axes
   138 | D        | Reached XP level 8. HP: 19/68 MP: 7/7
   142 | D        | Reached skill level 21 in Axes
   145 | D        | Reached ***** piety under Trog
   463 | D        | Noticed a four-headed hydra
   463 | D        | Noticed a boulder beetle
   463 | D        | Noticed a troll
   463 | D        | Noticed a tengu warrior
   463 | D        | Noticed a komodo dragon
   473 | D        | Killed a komodo dragon
   474 | D        | Reached skill level 22 in Axes
   481 | D        | Killed a tengu warrior
   481 | D        | Identified the +5 bardiche of the Several Continents
                  | {flame, rPois rC++ Will+} (Trog gifted it to you in the
                  | Dungeon)
   481 | D        | Received a gift from Trog
   482 | D        | Reached skill level 23 in Axes
   482 | D        | Reached XP level 9. HP: 49/74 MP: 8/8
   489 | D        | Killed a troll
   490 | D        | Reached skill level 24 in Axes
   500 | D        | Slain by a boulder beetle

Illustrated notes

Levels and vault maps discovered:
D:        linesprint [early_d, line_temple, items_1, d_10, items_2, lair_1,
          lair_end, items_3, orc_1, orc_end, items_4, d_15, swamp_1, shoals_1,
          snake_1, spider_1, d_20, vaults_1, items_5, swamp_end, shoals_end,
          snake_end, spider_end, vaults_end, d_27, items_6, zot_1, zot_end,
          crypt_end, forest_end, elf_end, slime_end, tomb_end, abyss_end,
          pan_hell_end]

Skill      XL: |  1  2  3  4  5  6  7  8  9 |
---------------+----------------------------+-----
Fighting       | 5 |  5.0
Axes           | 5 7 17 20 23 24 | 24.1
Armour         | |  2.9
Dodging        | |  2.8

Action                   |  1- 3 |  4- 6 |  7- 9 || total
-------------------------+-------+-------+-------++-------
Melee: Hand axe          |    18 |       |       ||    18
       Headbutt          |     1 |       |     9 ||    10
       Broad axe         |     6 |       |    42 ||    48
       Punch             |       |       |     1 ||     1
Invok: Berserk           |     1 |       |     1 ||     2
       Trog's Hand       |     1 |       |       ||     1
  Use: Potion            |     1 |       |     3 ||     4
Armor: Animal skin       |     5 |       |       ||     5
       Scale mail        |       |       |    13 ||    13
Dodge: Dodged            |    13 |       |    18 ||    31

Table legend: (Time is in decaauts)
 A = Elapsed time spent in this place.
 B = Non-inter-level travel time spent in this place.
 C = Inter-level travel time spent in this place.
 D = Time resting spent in this place.
 E = Time spent auto-exploring this place.
 F = Levels seen in this place.
 G = Mean time per level.
                   A        B        C        D        E       F      G
               +--------+--------+--------+--------+--------+-----+--------+
         Total |    487 |    487 |      0 |    207 |      0 |   1 |  487.0 |
       Dungeon |    487 |    487 |      0 |    207 |      0 |   1 |  487.0 |
               +--------+--------+--------+--------+--------+-----+--------+

Top non-repeatable levels by time:
       D: 487 daAuts
